 Dungeon Crawl Stone Soup version 0.29.1-15-g9cfb28693d (webtiles) character file.

Game seed: 8509344591601871454

7 Heoruswealwe the Digger (level 1, 0/10 HPs)
             Began as a Deep Elf Earth Elementalist on Apr 3, 2023.
             Slain by a rat (3 damage)
             ... on level 1 of the Dungeon.
             The game lasted 00:01:03 (97 turns).

Heoruswealwe the Digger (Deep Elf Earth Elementalist) Turns: 97, Time: 00:01:03

Health: 0/10       AC:  2    Str:  5    XL:     1   Next: 83%
Magic:  1/6        EV: 12    Int: 19    God:
Gold:   3          SH:  0    Dex: 15    Spells: 5/6 levels left

rFire   . . .      SeeInvis .   (no weapon)
rCold   . . .      Faith    .   (no shield)
rNeg    . . .      Spirit   .   a - +0 robe
rPois   .          Reflect  .   (no helmet)
rElec   .          Harm     .   (no cloak)
rCorr   .          Rampage  .   (no gloves)
Will    .....                   (no boots)
Stlth   ++........              (no amulet)
HPRegen 0.03/turn               (no ring)
MPRegen 0.10/turn               (no ring)

@: no status effects
A: no striking features
a: no special abilities


You were on level 1 of the Dungeon.
You visited 1 branch of the dungeon, and saw 1 of its levels.

You collected 3 gold pieces.

Inventory:

Armour
 a - a +0 robe (worn)
Potions
 b - a potion of magic


   Skills:
 - Level 2.4 Dodging
 - Level 2.4 Stealth
 + Level 3.4 Spellcasting
 - Level 1.1 Transmutations
 + Level 3.5 Earth Magic


You had 5 spell levels left.
You knew the following spells:

 Your Spells              Type           Power      Damage    Failure   Level
a - Sandblast             Erth           32%        2d9       3%          1

Your spell library contained the following spells:

 Spells                   Type           Power      Damage    Failure   Level
 Passwall                 Tmut/Erth      10%        N/A       9%          2
 Poisonous Vapours        Pois/Air       6%         N/A       22%         2
 Stone Arrow              Conj/Erth      20%        3d8       22%         3
 Petrify                  Tmut/Erth      12%        N/A       50%         4
 Corpse Rot               Necr/Pois/Air  3%         N/A       82%         4


Dungeon Overview and Level Annotations

Branches:
Dungeon (1/15)

Altars:


Message History

c - a scroll labelled ZESHUWK ZOEHOJ
As you read the scroll labelled ZESHUWK ZOEHOJ, it crumbles to dust.
It is a scroll of identify.
You don't have any unidentified items.
A bat comes into view.
Found 6 large rocks.
The blast of sand hits the bat!
You kill the bat!
A hobgoblin comes into view.
The hobgoblin shouts!
You hear a shout! x2
A hobgoblin comes into view.
A hobgoblin and a rat come into view.
Found 14 gold pieces.
A ball python comes into view.
A kobold comes into view. It is wielding a +0 club.
You see here a bat corpse.
The blast of sand hits the hobgoblin.
The hobgoblin is almost dead.
The ball python hisses angrily.
The hobgoblin shouts!
The blast of sand hits the hobgoblin!
You kill the hobgoblin!
The blast of sand misses the hobgoblin.
The blast of sand hits the hobgoblin.
The hobgoblin is heavily wounded.
The hobgoblin closely misses you. The hobgoblin barely misses you. x3
The kobold hits you with a +0 club. The hobgoblin attacks as you move away!
The hobgoblin barely misses you.
The blast of sand hits the hobgoblin but does no damage.
The hobgoblin hits you.
The blast of sand hits the hobgoblin!
You kill the hobgoblin!
The rat misses you.
You are out of magic!
The rat bites you.
* * * LOW HITPOINT WARNING * * *
The rat bites you.
* * * LOW HITPOINT WARNING * * *
The rat closely misses you. The rat bites you.
You die...

..... .......
.... ....... ...
....... ..
.......
.♣♣.##.#(†.....
♣.P....gS.....$
#K# #r# #@# ###.#
... #...# ...
......♣♣.♣♣.# ...
.....♣♣.♣♣..# ...
....♣..P♣..# .#
######.. ♣P.P♣###
.###......##♣♣.♣♣
##.....##......#


You could see a hobgoblin, a ball python, a kobold and a rat.

Vanquished Creatures
  An endoplasm (D:1)
  3 hobgoblins (D:1)
  A ball python (D:1)
  A bat (D:1)
6 creatures vanquished.

Notes
Turn   | Place    | Note
-------+----------+-------------------------------------------
     0 | D:1      | Heoruswealwe the Deep Elf Earth Elementalist began the
                  | quest for the Orb.
     0 | D:1      | Reached XP level 1. HP: 10/10 MP: 6/6
    97 | D:1      | Slain by a rat

Illustrated notes

Levels and vault maps discovered:
D:1:      tarquinn_simple_flora_water_d, layout_rooms,
          dilly_ecumenical_altar_fadedgnrine, serial_forest,
          infiniplex_forest_lined_2, infiniplex_forest_end_1,
          infiniplex_forest_clump_large, infiniplex_forest_clump_small,
          infiniplex_forest_lined_3_way, infiniplex_forest_straight_4,
          infiniplex_forest_lined_4_way

Action                   || total
-------------------------++-------
Melee: Unarmed           ||     3
 Cast: Sandblast         ||    10
  Use: Scroll            ||     1
Dodge: Dodged            ||     7
